 Dungeon Crawl Stone Soup version 0.30-a0-757-ga6a79fd877 (webtiles) character file.

Game seed: 10800580073305961336

143 BigDaddyOpFi the Grave Robber (level 5, -4/38 HPs)
             Began as a Hill Orc Necromancer on Feb 9, 2023.
             Slain by a black bear (8 damage)
             ... on level 3 of the Dungeon.
             The game lasted 00:05:10 (3326 turns).

BigDaddyOpFi the Grave Robber (HONe)                Turns: 3326, Time: 00:05:11

Health: -4/38      AC:  3    Str: 11    XL:     5   Next: 25%
Magic:  1/8        EV: 17    Int: 17    God:
Gold:   133        SH:  0    Dex: 17    Spells: 5/9 levels left

rFire   . . .      SeeInvis +    q - +0 hand axe
rCold   . . .      Faith    .    (no shield)
rNeg    . . .      Spirit   .    a - +0 robe
rPois   .          Reflect  .    d - +0 helmet
rElec   .          Harm     .    i - scarf {shadows}
rCorr   .          Rampage  .    (no gloves)
Will    .....                    (no boots)
Stlth   ++                       (no amulet)
HPRegen 0.26/turn                g - ring "Cylaront" {EV+5 SInv}
MPRegen 0.11/turn                b - +6 ring of dexterity

@: flying, hasted (expiring), very quick
A: no striking features
a: no special abilities


You were on level 3 of the Dungeon.
You visited 1 branch of the dungeon, and saw 4 of its levels.

You collected 133 gold pieces.

Inventory:

Hand Weapons
 q - a +0 hand axe (weapon)
Armour
 a - a +0 robe (worn)
 d - a +0 helmet (worn)
 i - a scarf of shadows (worn)
Jewellery
 b - a +6 ring of dexterity (right hand)
 f - a ring of fire
 g - the ring "Cylaront" (left hand) {EV+5 SInv}
   (You acquired it on level 3 of the Dungeon)

   [ring of evasion]

   EV:        It affects your evasion (+5).
   SInv:      It lets you see invisible.
Scrolls
 j - a scroll of acquirement
 m - a scroll of identify {unknown}
 o - 3 scrolls of fear {unknown}
 r - a scroll of torment {unknown}
Potions
 e - a potion of resistance {unknown}
 h - a potion of haste
 k - a potion of curing {unknown}
 l - 3 potions of flight
 n - 2 potions of magic
 p - a potion of degeneration {unknown}


   Skills:
 - Level 2.3 Dodging
 - Level 2.4 Stealth
 + Level 2.5 Spellcasting
 + Level 4.8 Necromancy


You had 5 spell levels left.
You knew the following spells:

 Your Spells              Type           Power      Damage    Failure   Level
a - Necrotise             Necr           72%        1d7       2%          1
b - Vampiric Draining     Necr           18%        2d7       8%          3

Your spell library contained the following spells:

 Spells                   Type           Power      Damage    Failure   Level
 Animate Dead             Necr           18%        N/A       24%         4
 Kindle Blastsparks       Fire/Tloc/Air  4%         2d10      50%         3
 Agony                    Necr           18%        N/A       56%         5
 Fulminant Prism          Conj/Hex       1%         3d5       88%         4
 Iskenderun's Mystic Bla  Conj/Tloc      2%         2d3       88%         4
 Lee's Rapid Deconstruct  Erth           1%         3d4*      99%         5


Dungeon Overview and Level Annotations

Branches:
Dungeon (4/15)
 Temple: D:4-7

Altars:

Shops:
D:2 :


Message History

You fly up into the air.
The black bear closely misses you. The black bear misses you.
The black bear claws you.
* * * LOW HITPOINT WARNING * * *
Casting: Necrotise (safe; 2% risk of failure)
Confirm with . or Enter, or press ? or * to list all spells.
You don't have enough magic to cast this spell.
You feel yourself speed up. The black bear closely misses you.
The black bear claws you.
* * * LOW HITPOINT WARNING * * *
The black bear misses you. The black bear bites you.
* * * LOW HITPOINT WARNING * * *
The black bear closely misses you. The black bear misses you.
The black bear rages.
The black bear rages.
The black bear rages.
The black bear rages.
The black bear attacks as you move away!
The black bear bites you.
* * * LOW HITPOINT WARNING * * *
The black bear closely misses you. The black bear claws you.
* * * LOW HITPOINT WARNING * * *
Casting: Necrotise (safe; 2% risk of failure)
Confirm with . or Enter, or press ? or * to list all spells.
Aiming: Necrotise (safe; 2% risk of failure)
Press: ? - help, Shift-Dir - straight line, f/p - black bear
Aim: a black bear (almost dead, berserk, chance to affect: 76%)
The black bear barely resists.
Casting: Necrotise (safe; 2% risk of failure)
Confirm with . or Enter, or press ? or * to list all spells.
Aiming: Necrotise (safe; 2% risk of failure)
Press: ? - help, Shift-Dir - straight line, f/p - black bear
Aim: a black bear (almost dead, berserk, chance to affect: 76%)
The black bear writhes in agony.
The black bear closely misses you. The black bear misses you.
The black bear claws you.
* * * LOW HITPOINT WARNING * * *
There is an open door here.
The black bear rages.
Your extra speed is starting to run out.
The black bear is no longer berserk.
The black bear bites you!
You die...

#....#######....#.......#
#............####.#####.#
###..)>.....[####'#.###.#
#.....................#
#..................####
#..................#
########...........#
#.........h.....# ###
#.........@.....# ..#
#......###'###### ..#
#......# #.##### ..#
#......# #.....# ..#
#......# #####.# ..#
#......# #.#
..#####......#######.#
..##..'......'.......#
..##'##......#########


You could see a black bear (slow).

Vanquished Creatures
  A hound (D:3)
  Jessica (D:2)
  3 adders
  2 dart slugs
  An orc (D:3)
  4 ball pythons
  5 bats
  4 endoplasms
  A giant cockroach (D:1)
  4 goblins (D:1)
  5 hobgoblins
  6 jackals
  A frilled lizard (D:1)
  A kobold (D:3)
  5 rats
44 creatures vanquished.

Vanquished Creatures (collateral kills)
  An endoplasm (D:3)
  2 hobgoblins (D:3)
  A jackal (D:2)
  A bat (D:3)
  A frilled lizard (D:2)
6 creatures vanquished.

Grand Total: 50 creatures vanquished

Notes
Turn   | Place    | Note
-------+----------+-------------------------------------------
     0 | D:1      | BigDaddyOpFi the Hill Orc Necromancer began the quest for
                  | the Orb.
     0 | D:1      | Reached XP level 1. HP: 14/14 MP: 3/3
   326 | D:1      | Reached XP level 2. HP: 15/20 MP: 2/4
   908 | D:1      | Reached XP level 3. HP: 22/26 MP: 0/5
  1135 | D:2      | Found Ubaw Zyc's Book Shop.
  1722 | D:2      | Noticed Jessica
  1729 | D:2      | Killed Jessica
  1730 | D:2      | Reached XP level 4. HP: 32/33 MP: 4/7
  2443 | D:3      | Learned a level 3 spell: Vampiric Draining
  2630 | D:3      | Identified 2 scrolls of acquirement
  2630 | D:3      | Acquired the ring "Cylaront" {EV+5 SInv}
  2837 | D:3      | Reached XP level 5. HP: 28/38 MP: 0/8
  3135 | D:4      | Noticed a black bear
  3326 | D:3      | Slain by a black bear

Illustrated notes

Levels and vault maps discovered:
D:1:      dpeg_arrival_arbitrary_a, layout_basic
D:2:      minmay_wonky_spiral, layout_loops_cross, serial_shops,
          nicolae_shop_trees, minmay_misc_feat_tower,
          chequers_serial_rivers_micro_a, uniq_jessica
D:3:      layout_basic
D:4:      layout_cave_pools, ashenzari_conservatory_becter,
          minmay_temple_entry_crystal_x

Skill      XL: |  1  2  3 |
---------------+----------+-----
Stealth        | 2 |  2.4
Dodging        | 2 |  2.3
Spellcasting   | 2 |  2.5
Necromancy     | |  4.8

Action                     |  1- 3 |  4- 6 || total
---------------------------+-------+-------++-------
  Melee: Unarmed           |    22 |    22 ||    44
         Punch             |       |     1 ||     1
         Hand axe          |       |     8 ||     8
   Cast: Necrotise         |    56 |    47 ||   103
         Vampiric Draining |       |     2 ||     2
    Use: Potion            |     2 |     2 ||     4
         Scroll            |       |     4 ||     4
   Stab: Sleeping          |     1 |       ||     1
 Armour: Robe              |    19 |    21 ||    40
  Dodge: Dodged            |    53 |   107 ||   160

Table legend: (Time is in decaauts)
 A = Elapsed time spent in this place.
 B = Non-inter-level travel time spent in this place.
 C = Inter-level travel time spent in this place.
 D = Time resting spent in this place.
 E = Time spent auto-exploring this place.
 F = Levels seen in this place.
 G = Mean time per level.
                   A        B        C        D        E       F      G
               +--------+--------+--------+--------+--------+-----+--------+
         Total |   3307 |   3232 |     75 |    406 |   2290 |   4 |  826.8 |
       Dungeon |   3307 |   3232 |     75 |    406 |   2290 |   4 |  826.8 |
               +--------+--------+--------+--------+--------+-----+--------+

Top non-repeatable levels by time:
     D:2: 1218 daAuts
     D:3: 1048 daAuts
     D:1: 1028 daAuts
     D:4: 12 daAuts
